 Dungeon Crawl Stone Soup version 0.29-a0-350-g7790a0e70a (webtiles) character file.

Game seed: 7243423673602505443

44 zishaf the Magician (level 3, -3/27 HPs)
             Began as a Djinni Venom Mage on Apr 22, 2022.
             Was an Elder of Ignis.
             Slain by Terence
             ... wielding the +7 Throatcutter {drain, coup de grace}
              (6 damage)
             ... on level 2 of the Dungeon.
             The game lasted 00:02:08 (1683 turns).

zishaf the Magician (Djinni Venom Mage)             Turns: 1683, Time: 00:02:09

Health: -3/27      AC:  9    Str:  7    XL:     3   Next: 85%
Gold:   58         EV: 12    Int: 18    God:    Ignis [****..] SH:  0 Dex: 13

rFire   + + +      SeeInvis .   c - +0 dagger
rCold   x . .      Faith    .   (no shield)
rNeg    . . .      Spirit   .   a - +0 robe
rPois   ∞          Reflect  .   (no helmet)
rElec   .          Harm     .   (no cloak)
rCorr   .          Rampage  .   (no gloves)
Will    .....                   (boots unavailable)
Stlth   ++........              (no amulet)
HPRegen 0.09/turn               (no ring)
MPRegen 0.00/turn               (no ring)

@: rising, fiery-armoured, flying
A: sickness immunity, fire resistance 2, cold vulnerability 1, float, innate
caster, HP casting, extra vitality 1
a: Renounce Religion, Fiery Armour, Foxfire Swarm


You were on level 2 of the Dungeon.
You worshipped Ignis.
Ignis was greatly pleased with you.
You visited 1 branch of the dungeon, and saw 2 of its levels.

You collected 58 gold pieces.

Inventory:

Hand Weapons
 c - a +0 dagger (weapon)
Armour
 a - a +0 robe (worn)
Scrolls
 b - a scroll of summoning {unknown}
 d - a scroll of enchant weapon {unknown}
 e - a scroll of magic mapping {unknown}
 f - a scroll of identify {unknown}


   Skills:
 + Level 1.5 Fighting
 - Level 2.1 Dodging
 - Level 1.5 Stealth
 * Level 3.2 Spellcasting


You couldn't memorise any spells.
You knew the following spells:

 Your Spells              Type           Power      Damage    Failure   Level
a - Sting                 Tmut/Pois      56%        1d5       4%          1
b - Poisonous Vapours     Pois/Air       28%        N/A       6%          2
c - Mephitic Cloud        Conj/Pois/Air  14%        N/A       13%         3
d - Olgreb's Toxic Radia  Pois           14%        N/A       38%         4
e - Magic Dart            Conj           56%        1d5       4%          1
Your spell library was empty.

Dungeon Overview and Level Annotations

Branches:
Dungeon (2/15)

Altars:
Ignis

Shops:
D:2 *

Annotations:
D:2 Terence


Innate Abilities, Weirdness & Mutations

You are immune to sickness and miasma.
You are immune to poison.
Your flesh is very heat resistant. (rF++)
You are vulnerable to cold. (rC-)
You float through the air rather than walking.
You learn spells naturally, not from books.
Your magical power is your life essence.
You have superior vitality. (+4 MHP)


Message History

Jessica points at you and mumbles some strange words.
You resist with some effort.
Activating: Foxfire Swarm
Press: ? - help, Dir - look around, f - activate Flames leap up around you!
Jessica looks very angry.
Jessica casts a spell.
Jessica blinks!
The foxfire hits Jessica.
Jessica is heavily wounded.
The foxfire hits Jessica.
Jessica is heavily wounded.
The foxfire hits Terence but does no damage. x2
The foxfire hits Jessica but does no damage.
Jessica is heavily wounded.
The foxfire hits Jessica.
You kill Jessica!
The foxfire hits Terence but does no damage. x3
Your Spellcasting skill increases to level 3!
You have reached level 3!
Your experience leads to an increase in your attributes!
Increase (S)trength, (I)ntelligence, or (D)exterity?
You feel clever. x2
The power to cast Magic Dart wells up from within.
Spell assigned to 'e'.
The foxfire hits Terence but does no damage. x4
A protective cloak of flame settles atop you.
You hit Terence but do no damage.
Terence hits you with the +7 Throatcutter {drain, coup de grace}!
* * * LOW HITPOINT WARNING * * *
Terence is burned by your cloak of flames.
Terence is lightly wounded.
You begin to rise into the air.
Terence hits you with the +7 Throatcutter {drain, coup de grace}.
* * * LOW HITPOINT WARNING * * *
Terence is burned by your cloak of flames.
Terence is moderately wounded.
Terence attacks as you move away!
Terence hits you with the +7 Throatcutter {drain, coup de grace}.
You die...

.###. ..... #.# #####. #.#
...##. #.# ##
..#.#.#######.#..
##..#.....@@..#^#####.##
.#..#....†......... .>.#
.#..#.#.....).#..## #..#####
.#..#...#####.#..####..##...
.#.#....#<#.#?.....)...##.##
.##...+.............#.##<.#
##....###.#.....##..#.##..#
.(.... ...#.###.##........#
#......####.###.##....##....


You could see Terence.

Vanquished Creatures
  Jessica (D:2)
  2 ball pythons
  A bat (D:1)
  A giant cockroach (D:1)
  3 goblins (D:1)
  A hobgoblin (D:1)
  A quokka (D:1)
  5 frilled lizards
  2 kobolds (D:1)
  A rat (D:1)
18 creatures vanquished.

Vanquished Creatures (others)
  13 foxfires (D:2)
13 creatures vanquished.

Grand Total: 31 creatures vanquished

Notes
Turn   | Place    | Note
-------+----------+-------------------------------------------
     0 | D:1      | zishaf the Djinni Venom Mage began the quest for the Orb.
     0 | D:1      | Reached XP level 1. HP: 15/15 MP: 0/0
   120 | D:1      | Reached XP level 2. HP: 2/22 MP: 0/0
   480 | D:1      | Found a faded altar of an unknown god.
   515 | D:1      | Prayed at the altar of an unknown god.
   515 | D:1      | Became a worshipper of Ignis, the Dying Flame
  1032 | D:1      | Reached skill level 1 in Fighting
  1643 | D:2      | Found Fuckao's General Store.
  1656 | D:2      | Noticed Jessica
  1661 | D:2      | Noticed Terence
  1677 | D:2      | Killed Jessica
  1678 | D:2      | Reached skill level 3 in Spellcasting
  1678 | D:2      | Reached XP level 3. HP: 13/27 MP: 0/0
  1678 | D:2      | Learned a level 1 spell: Magic Dart
  1683 | D:2      | Slain by Terence

Illustrated notes

Levels and vault maps discovered:
D:1:      shiori_arrival_elements, layout_loops_ring,
          shapermc_ecumenical_altar_starsandcircs,
          wander_ebering_terrifying_dragon_lair
D:2:      minmay_recursive_quarters, layout_basic, basic_altar, serial_shops,
          nicolae_shop_crystal, minmay_3d_cube, uniq_jessica, uniq_terence

Skill      XL: |  1  2 |
---------------+-------+-----
Fighting       | 1 |  1.5
Spellcasting   | 3 |  3.2
Dodging        | |  2.1
Stealth        | |  1.5

Action                   || total
-------------------------++-------
Melee: Dagger            ||    49
       Unarmed           ||     2
 Cast: Sting             ||    12
Invok: Foxfire Swarm     ||     1
       Rising Flame      ||     1
       Fiery Armour      ||     1
 Stab: Sleeping          ||     2
Armor: Robe              ||    14
Dodge: Dodged            ||    35

Table legend: (Time is in decaauts)
 A = Elapsed time spent in this place.
 B = Non-inter-level travel time spent in this place.
 C = Inter-level travel time spent in this place.
 D = Time resting spent in this place.
 E = Time spent auto-exploring this place.
 F = Levels seen in this place.
 G = Mean time per level.
                   A        B        C        D        E       F      G
               +--------+--------+--------+--------+--------+-----+--------+
         Total |   1682 |   1670 |     12 |      0 |   1512 |   2 |  841.0 |
       Dungeon |   1682 |   1670 |     12 |      0 |   1512 |   2 |  841.0 |
               +--------+--------+--------+--------+--------+-----+--------+

Top non-repeatable levels by time:
     D:1: 1596 daAuts
     D:2: 85 daAuts
